 Dungeon Crawl Stone Soup version 0.15.0-23-gc2b521c (console) character file.

405 gw the Ruffian (level 6, -2/61 HPs)
             Began as a Troll Monk on Sept 10, 2014.
             Slain by gw's ghost (9 damage)
             ... on Level 4 of the Dungeon.
             The game lasted 00:02:41 (3085 turns).

gw the Ruffian (Troll Monk)                         Turns: 3085, Time: 00:02:41

HP  -2/61        AC  6     Str 20      XL: 6   Next: 56%
MP   3/3         EV 11     Int  6      God:
Gold 0           SH  0     Dex 14      Spells:  0 memorised,  5 levels left

rFire  . . .     SeeInvis .       - Unarmed
rCold  . . .     Clarity  .     a - +0 robe
rNeg   . . .     rCorr    +     (shield restricted)
rPois  .         rRot     .     (helmet restricted)
rElec  .         Spirit   .     p - +0 cloak
SustAb .         Warding  .     (gloves unavailable)
rMut   .         Stasis   .     (boots unavailable)
Gourm  +                        j - amulet of resist corrosion
MR     .....                    (no ring)
                                (no ring)

@: not resistant to hostile enchantments, unstealthy
A: unfitting armour, claws 3, fast metabolism 3, gourmand, regeneration 2,
saprovore 2, shaggy fur 1, tough skin 2
a: no special abilities


You were on level 4 of the Dungeon.
You were full.

You visited 1 branch of the dungeon, and saw 4 of its levels.

Inventory:

Missiles
 k - 98 stones (quivered)
Armour
 a - a +0 robe (worn)
 p - a +0 cloak (worn)
Magical devices
 h - a wand of slowing (17)
Comestibles
 b - 3 meat rations
 g - a slice of pizza
 i - 3 beef jerkies
 n - a fruit
 o - a bread ration
Scrolls
 d - 4 scrolls of identify
 f - a scroll of recharging {unknown}
Jewellery
 j - an amulet of resist corrosion (around neck)
Potions
 c - a potion of haste {unknown}
 e - a potion of curing


   Skills:
 + Level 3.5 Fighting
 + Level 2.6 Throwing
 + Level 3.3 Dodging
 - Level 1.1 Stealth
 * Level 5.8 Unarmed Combat


You had 5 spell levels left.
You didn't know any spells.

Dungeon Overview and Level Annotations

Branches:
Dungeon (4/15)
 Temple: D:4-7

Altars:
Fedhas
Nemelex Xobeh

Annotations:
D:4 gw's ghost, average TrMo


Innate Abilities, Weirdness & Mutations

You are too large for most types of armour.
You have claws for hands.
Your metabolism is lightning-fast.
You like to eat raw meat.
You heal very quickly.
You can eat rotten meat.
You are covered in fur (AC +1).
You have very tough skin (AC +2).


Message History

Gw's ghost is severely damaged.
The gnoll barely misses you. Gw's ghost hits you. The gnoll closely misses you.
ATTACK MOVE TO (0,-1)
You barely miss gw's ghost.
Gw's ghost is severely damaged.
The gnoll hits you but does no damage.
ATTACK MOVE TO (0,-1)
You scratch gw's ghost.
Gw's ghost is almost destroyed.
Gw's ghost hits you! The gnoll barely misses you. The gnoll hits you.
ATTACK MOVE TO (0,-1)
You closely miss gw's ghost.
Gw's ghost is almost destroyed.
Gw's ghost hits you. The gnoll hits you but does no damage.
The gnoll barely misses you.
ATTACK MOVE TO (0,-1)
You closely miss gw's ghost.
Gw's ghost is almost destroyed.
Gw's ghost hits you!
You die...

### S%#####
#.##..?##
#.....#.##########
#.#.#............#
..#.###.########W#
.........# #T#
..)....#.# #g#
.........#


Sgg ######..#### ##.## .........%.# #.# .#####..##.# #.# .# #.....# #.# .#
#..##.# #.# [# #..# # #.# You could see gw's ghost, 3 gnolls and an adder.

Table legend:
 A = Turns spent in this place as a percentage of turns spent in the entire game.
 B = Non-inter-level travel turns spent in this place as a percentage of non-inter-level travel turns spent in the entire game.
 C = Inter-level travel turns spent in this place as a percentage of turns spent in this place.
 D = Turns resting spent in this place as a percentage of non-inter-level travel turns spent in this place.
 E = Turns spent auto-exploring this place as a percentage of non-inter-level travel turns spent in this place.
 F = Non-inter-level travel turns spent in this place divided by the number of levels of this place that you've seen.
                   A       B       C       D       E      F
               +-------+-------+-------+-------+-------+----------------------
         Total | 100.0 | 100.0 |   1.9 |   1.9 |   8.9 | 373.2
       Dungeon | 100.0 | 100.0 |   1.9 |   1.9 |   8.9 | 373.2
               +-------+-------+-------+-------+-------+----------------------

Table legend:
 A = Kills in this place as a percentage of kills in entire the game.
 B = Kills by you in this place as a percentage of kills by you in the entire game.
 C = Kills by friends in this place as a percentage of kills by friends in the entire game.
 D = Other kills in this place as a percentage of other kills in the entire game.
 E = Experience gained in this place as a percentage of experience gained in the entire game.
 F = Experience gained in this place divided by the number of levels of this place that you have seen.
                   A       B       C       D       E      F
               +-------+-------+-------+-------+-------+----------------------
         Total | 100.0 | 100.0 |  -nan |  -nan | 100.0 | 144.8
       Dungeon | 100.0 | 100.0 |  -nan |  -nan | 100.0 | 144.8
               +-------+-------+-------+-------+-------+----------------------

Vanquished Creatures
  Sigmund (D:3)
  A scorpion (D:4)
  A wight (D:3)
  A hound (D:4)
  An orc wizard (D:4)
  Ijyb (D:2)
  3 gnolls (D:3)
  5 adders
  6 worms
  A giant mite (D:2)
  An orc skeleton (D:4)
  3 giant geckos
  2 orcs (D:4)
  8 bats
  5 goblins
  6 hobgoblins
  12 kobolds
  A quokka (D:3)
  3 ball pythons
  3 giant cockroaches
  2 giant newts
  7 rats
74 creatures vanquished.

Notes
Turn   | Place    | Note
--------------------------------------------------------------
     0 | D:1      | gw, the Troll Monk, began the quest for the Orb.
     0 | D:1      | Reached XP level 1. HP: 22/22 MP: 1/1
   206 | D:1      | Reached XP level 2. HP: 29/29 MP: 1/1
   712 | D:2      | Reached skill level 1 in Throwing
   828 | D:2      | Reached XP level 3. HP: 36/36 MP: 2/2
  1028 | D:2      | Noticed Ijyb
  1038 | D:2      | Killed Ijyb
  1038 | D:2      | Reached XP level 4. HP: 37/44 MP: 2/2
  1058 | D:2      | Found a sparkling altar of Nemelex Xobeh.
  1096 | D:2      | Found a blossoming altar of Fedhas.
  1625 | D:3      | Reached skill level 5 in Unarmed Combat
  1646 | D:3      | Reached XP level 5. HP: 30/53 MP: 2/2
  2253 | D:3      | Noticed Sigmund
  2459 | D:3      | Killed Sigmund
  2459 | D:3      | Reached XP level 6. HP: 29/61 MP: 3/3
  2886 | D:4      | Noticed gw's ghost (average TrMo)
  3085 | D:4      | Slain by gw's ghost

Action                   |  1- 3 |  4- 6 || total
-------------------------+-------+-------++-------
Melee: Unarmed           |    78 |   134 ||   212
Throw: Stone             |    21 |   121 ||   142
Evoke: Wand              |       |     1 ||     1
  Use: Scroll            |     6 |     4 ||    10
       Potion            |     1 |     8 ||     9
 Stab: Sleeping          |     1 |       ||     1
  Eat: Chunk             |    10 |    16 ||    26
       Meat ration       |       |     1 ||     1

Vault maps used:
D:1:      minmay_arrival_plants_in_alcoves, minivault_27
D:2:      overflow_temple_1_default, lemuel_statue_altar, uniq_iyjb
D:3:      minmay_unequal, uniq_sigmund
D:4:      evilmike_ruin_ashenzari, uniq_crazy_yiuf_cottage
